 Dungeon Crawl Stone Soup version 0.31-a0-1-g4198be8af4 (webtiles) character file.

Game seed: 6637765336393846223

53697 jasper the Grappler (level 14, -4/137 HPs)
             Began as a Troll Delver on May 2, 2023.
             Was a High Priest of Okawaru.
             Slain by an elephant (12 damage)
             ... on level 5 of the Lair of Beasts.
             The game lasted 00:30:00 (16717 turns).

jasper the Grappler (Troll Delver)                 Turns: 16717, Time: 00:30:01

Health: -4/137     AC:  8    Str: 25    XL:     14   Next: 31%
Magic:  24/24      EV: 14    Int: 19    God:    Okawaru [*****.]
Gold:   846        SH: 26    Dex: 17    Spells: 4/13 levels left

rFire   . .          .
                       - Unarmed
rCold   + . .        M - +3 tower shield
rNeg    . . .        K - +0 troll leather armour
rPois   .            F - +2 hat of the Pits of Slime {rC+ Int+3}
rElec   .            x - scarf {repulsion}
rCorr   .            (gloves unavailable)
SInv    .            (boots unavailable)
Will    +....        O - amulet of reflection
Stlth   ++           y - +6 ring of dexterity
HPRegen 2.02/turn    a - ring "Pufy" {MP+9 Str+2 Int+6}
MPRegen 0.19/turn

%: repel missiles, reflection
@: studying Dodging
A: large, unfitting armour, claws 3, regeneration 1, shaggy fur 1, tough skin 1
a: Renounce Religion, Heroism, Finesse, Duel


You were on level 5 of the Lair of Beasts.
You worshipped Okawaru.
Okawaru was extremely pleased with you.
You visited 4 branches of the dungeon, and saw 21 of its levels.
You also visited: Ice Cave.

You collected 1846 gold pieces.
You spent 1000 gold pieces at shops.

Inventory:

Hand Weapons
 B - a +0 giant club
Missiles
 s - 10 curare-tipped darts
 G - 5 javelins
 H - 17 large rocks (quivered)
 Q - 4 throwing nets
 V - an atropa-tipped dart
 W - 2 silver javelins
Armour
 w - a +2 robe of the Archmagi
 x - a scarf of repulsion (worn)
 F - the +2 hat of the Pits of Slime (worn) {rC+ Int+3}
   (Okawaru gifted it to you on level 2 of the Orcish Mines)

   Int:       It affects your intelligence (+3).
   rC:        It protects you from cold.
 K - a +0 troll leather armour (worn)
 M - a +3 tower shield (worn)
 X - a +2 hat
Jewellery
 a - the ring "Pufy" (right claw) {MP+9 Str+2 Int+6}
   (You found it on level 4 of the Lair of Beasts)

   [ring of intelligence]

   Str:       It affects your strength (+2).
   Int:       It affects your intelligence (+6).
   MP:        It affects your magic capacity (+9).
 y - a +6 ring of dexterity (left claw)
 O - an amulet of reflection (around neck)
 T - an amulet of regeneration
 U - a +6 ring of dexterity
 Y - a ring of see invisible
Wands
 f - a wand of digging (3)
 p - a wand of polymorph (4)
 v - a wand of flame (81)
 A - a wand of roots (7)
 E - a wand of quicksilver (13)
 I - a wand of charming (13)
Scrolls
 b - 2 scrolls of fog
 c - 7 scrolls of magic mapping
 d - 6 scrolls of fear
 j - 4 scrolls of vulnerability
 k - 11 scrolls of teleportation
 m - 3 scrolls of noise
 C - 2 scrolls of enchant weapon
 L - 4 scrolls of poison
 P - 3 scrolls of blinking
 R - 3 scrolls of identify
Potions
 e - 8 potions of haste
 g - 5 potions of berserk rage
 h - 5 potions of heal wounds
 i - 3 potions of resistance
 l - 2 potions of invisibility
 n - 4 potions of cancellation
 o - 5 potions of lignification
 q - 4 potions of brilliance
 r - 5 potions of curing
 t - 2 potions of ambrosia
 u - 4 potions of mutation
 z - 2 potions of magic
 D - 2 potions of degeneration
 J - 6 potions of flight
 Z - 2 potions of might
Miscellaneous
 N - a lightning rod (1/4)


   Skills:
 - Level 8.3 Fighting
 - Level 6.4 Throwing
 - Level 11.6 Dodging
 - Level 2.7 Stealth
 - Level 12.6 Shields
 - Level 13.3 Unarmed Combat
 + Level 4.2 Transmutations
 - Level 2.8 Invocations


You had 4 spell levels left.
You knew the following spells:

 Your Spells              Type           Power      Damage    Failure   Level
a - Blink                 Tloc           0%         N/A       69%         2
b - Dragon Form           Tmut           8%         N/A       100%        7

Your spell library contained the following spells:

 Spells                   Type           Power      Damage    Failure   Level
 Sting                    Tmut/Pois      32%        1d4       28%         1
 Magic Dart               Conj           0%         1d3       54%         1
 Lesser Beckoning         Tloc           0%         N/A       69%         2
 Momentum Strike          Conj/Tloc      0%         3d8       69%         2
 Poisonous Vapours        Pois/Air       0%         N/A       69%         2
 Frozen Ramparts          Ice            0%         1d1       89%         3
 Mephitic Cloud           Conj/Pois/Air  0%         N/A       89%         3
 Volatile Blastmotes      Fire/Tloc      0%         2d10      89%         3
 Ice Form                 Ice/Tmut       8%         N/A       95%         4
 Fulminant Prism          Conj/Hex       0%         3d5       100%        4
 Iskenderun's Mystic Bla  Conj/Tloc      0%         2d3       100%        4
 Olgreb's Toxic Radiance  Pois           0%         N/A       100%        4
 Blade Hands              Tmut           8%         N/A       97%         5
 Fireball                 Conj/Fire      0%         3d3       100%        5
 Irradiate                Conj/Tmut      4%         3d13      100%        5
 Iskenderun's Battlesphe  Conj           0%         2d6       100%        5
 Lee's Rapid Deconstruct  Erth           0%         3d4*      100%        5
 Conjure Ball Lightning   Conj/Air       0%         3x3d6     100%        6
 Orb of Destruction       Conj           0%         9d5       100%        7
 Call Imp                 Summ           Unusable   N/A       N/A         2
 Summon Ice Beast         Ice/Summ       Unusable   N/A       N/A         4

Dungeon Overview and Level Annotations

Branches:
Dungeon (13/15)            Temple (1/1) D:7            Lair (5/5) D:10
  Swamp (0/4) Lair:2       Spider (0/4) Lair:2        Slime (0/5) Lair:4
    Orc (2/2) D:10            Elf (0/3) Orc:2         IceCv (visited)
 Vaults: D:13-14

Altars:
Ashenzari
Cheibriados
Dithmenos
Elyvilon
Fedhas
Gozag
Hepliaklqana
Kikubaaqudgha
Makhleb
Nemelex Xobeh
Okawaru
Qazlal
Ru
Sif Muna
Trog
Uskayaw
Vehumet
Wu Jian
Xom
Yredelemnul
Zin
The Shining One
Jiyva

Shops:
D:1 ?((   D:8 *   D:10 !   Orc:2 (*:[

Annotations:
D:9 3 runed translucent doors, patfeehan111222's ghost, journeyman DsBe


Innate Abilities, Weirdness & Mutations

You are too large for most types of armour.
You have claws for hands.
Your natural rate of healing is unusually fast.
You are covered in fur. (AC +1)
You have tough skin. (AC +1)


Message History

The elephant trunk-slaps you.
The snapping turtle bites you from afar!
* * * LOW HITPOINT WARNING * * *
You block the wolf's attack.
You mangle the elephant!!
You kill the elephant!
Okawaru accepts your kill. The wolf bites you.
* * * LOW HITPOINT WARNING * * *
You block the elephant's attack. x2
The elephant tramples you but does no damage.
The elephant trunk-slaps you.
* * * LOW HITPOINT WARNING * * *
The elephant completely misses you. You block the elephant's attack. x3
The elephant tramples you.
* * * LOW HITPOINT WARNING * * *
You hold your ground!
The elephant trunk-slaps you.
* * * LOW HITPOINT WARNING * * *
The snapping turtle bites you from afar!
* * * LOW HITPOINT WARNING * * *
Your lightning rod (1/4) has regained one charge.
You rip one of the eight-headed hydra's heads off!
The seven-headed hydra grows two more!
You mangle the nine-headed hydra!!
The nine-headed hydra is moderately wounded.
You block the wolf's attack.
You block the nine-headed hydra's attack.
The nine-headed hydra completely misses you.
The nine-headed hydra bites you but does no damage.
The nine-headed hydra bites you!
* * * LOW HITPOINT WARNING * * *
The nine-headed hydra bites you but does no damage. x2
You block the nine-headed hydra's attack.
The nine-headed hydra bites you but does no damage.
You block the nine-headed hydra's attack.
The elephant barely misses you.
The elephant trunk-slaps you but does no damage.
The elephant completely misses you. The elephant closely misses you.
You block the elephant's attack. x2; The elephant completely misses you.
The elephant closely misses you. The elephant tramples you!
You die...

# #~~~~~~~#~#~#~~~#
#.##~~#~~~~~P~~~~~~#
#~~.~~##~~~#~~#~~.##
#~~~~~~~~~~~~~~P~~.
##.##~~##~~##.~#~~~#~
#~~~~~~~#~~##~~##~P
##~!....~~hh~...~.~
#~#?#.~~YYY..#...#
####.#P##@hh.l.##
#####YDYt.P.P#
#.YY.....#
##.........
..........
...#...#...
..#.######.P D.#### .
..#


You could see a skyshark, a nine-headed hydra, 7 elephants, a snapping turtle
and 4 wolves.

Vanquished Creatures
  Kirke (Lair:4)
  An orc warlord (Orc:2)
  Harold (D:9)
  An ogre mage (Orc:2)
  A merfolk avatar (Lair:5)
  A hydra (Lair:5)
  7 two-headed ogres
  A boulder beetle (Lair:4)
  A catoblepas (Lair:3)
  2 centaur warriors (D:13)
  An orc high priest (Orc:2)
  Nergalle (Orc:2)
  A sea snake (Lair:5)
  Pikel (D:8)
  A deep elf pyromancer (D:10)
  A manticore (Lair:5)
  3 orc knights (Orc:2)
  2 ugly things (D:12)
  2 orc sorcerers (Orc:2)
  A will-o-the-wisp (Lair:2)
  5 cyclopes
  7 elephants (Lair:5)
  3 gargoyles
  A torpor snail (Lair:5)
  Maurice (D:8)
  Psyche (D:10)
  A kobold demonologist (D:8)
  5 cane toads
  2 unseen horrors
  10 komodo dragons
  5 rime drakes
  4 trolls
  2 polar bears (Lair:5)
  2 wind drakes (Lair:5)
  A hornet (Lair:5)
  19 blink frogs
  2 culicivoras (Lair:2)
  Sigmund (D:2)
  2 shadows
  44 yaks
  3 slime creatures
  5 wyverns
  A steam dragon (D:8)
  7 humans (Lair:4)
  6 basilisks
  7 vampire mosquitoes
  3 wargs
  6 water moccasins
  2 acid dragons
  25 orc warriors
  2 black bears
  3 ice beasts
  A sky beast (D:7)
  8 ogres
  7 wolves
  2 centaurs
  A lemure (D:8)
  3 phantoms
  5 kobold brigands
  Blork the orc (Orc:2)
  12 bullfrogs
  3 scorpions
  A cane toad simulacrum (IceCv)
  12 wights
  An electric eel (Lair:5)
  6 howler monkeys
  3 hounds
  4 jellies
  8 orc priests
  A gnoll bouda (D:7)
  2 sleepcaps
  3 iguanas
  Terence (D:2)
  22 orc wizards
  8 gnolls
  9 adders
  2 shadow imps
  2 white imps
  2 ufetubi
  2 dart slugs
  42 orcs
  2 ball pythons
  8 endoplasms
  4 giant cockroaches
  10 goblins
  8 hobgoblins
  4 jackals (D:2)
  22 kobolds
  2 quokkas
  7 bats
  A frilled lizard (D:2)
  6 rats
467 creatures vanquished.

Vanquished Creatures (others)
  A hornet (Lair:5)
  A blink frog (Lair:5)
  4 foxfires (Lair:2)
  8 fungi
  71 plants
85 creatures vanquished.

Grand Total: 552 creatures vanquished

Notes
Turn   | Place    | Note
-------+----------+-------------------------------------------
     0 | D:5      | jasper the Troll Delver began the quest for the Orb.
     0 | D:5      | Reached XP level 1. HP: 22/22 MP: 0/0
    24 | D:5      | Reached XP level 2. HP: 22/29 MP: 1/1
    64 | D:5      | Noticed an ogre
   120 | D:4      | Reached skill level 3 in Unarmed Combat
   120 | D:4      | Reached XP level 3. HP: 6/36 MP: 2/2
   307 | D:1      | Found Uffak's Weapon Boutique.
   400 | D:1      | Found Igumeh's Weapon Shop.
   407 | D:1      | Reached XP level 4. HP: 42/44 MP: 3/3
   623 | D:1      | Found Golikh's Magic Scroll Emporium.
   638 | D:1      | Bought a scroll of fear for 40 gold pieces
   918 | D:2      | Noticed Terence
   927 | D:2      | Killed Terence
   928 | D:2      | Reached XP level 5. HP: 50/53 MP: 4/4
   929 | D:2      | Reached skill level 4 in Unarmed Combat
   977 | D:1      | Bought a scroll of teleportation for 30 gold pieces
  1177 | D:2      | Noticed Sigmund
  1199 | D:2      | Killed Sigmund
  1200 | D:2      | Reached XP level 6. HP: 19/61 MP: 5/5
  1419 | D:3      | Found a blossoming altar of Fedhas.
  1562 | D:3      | Reached skill level 5 in Unarmed Combat
  2497 | D:4      | Found a glowing golden altar of the Shining One.
  2890 | D:4      | Learned a level 2 spell: Blink
  3018 | D:5      | Reached XP level 7. HP: 63/68 MP: 6/6
  3088 | D:5      | Reached skill level 6 in Unarmed Combat
  3617 | D:6      | Reached XP level 8. HP: 79/79 MP: 7/7
  3663 | D:6      | Reached skill level 7 in Unarmed Combat
  4113 | D:6      | Reached skill level 5 in Fighting
  4531 | D:7      | Reached skill level 8 in Unarmed Combat
  4676 | D:7      | Noticed a cyclops
  4692 | D:7      | Killed a cyclops
  4693 | D:7      | Reached skill level 5 in Dodging
  4693 | D:7      | Reached XP level 9. HP: 52/88 MP: 8/8
  4916 | D:7      | Found a staircase to the Ecumenical Temple.
  4944 | D:7      | Reached skill level 1 in Throwing
  4944 | D:7      | Reached skill level 9 in Unarmed Combat
  4955 | Temple   | Entered the Ecumenical Temple
  5298 | D:7      | Noticed a troll
  5304 | D:7      | Killed a troll
  5305 | D:7      | Noticed a gargoyle
  5313 | D:7      | Killed a gargoyle
  5471 | D:7      | Identified a scroll of acquirement
  5471 | D:7      | Acquired a manual of Dodging
  5605 | D:8      | Reached skill level 10 in Unarmed Combat
  5667 | D:8      | Noticed Pikel
  5680 | D:8      | Killed Pikel
  5681 | D:8      | Reached XP level 10. HP: 92/100 MP: 9/9
  5874 | D:8      | Noticed a cyclops
  5880 | D:8      | Killed a cyclops
  6193 | D:8      | Found Ujeg's Elemental Accessories.
  6253 | D:8      | Reached skill level 11 in Unarmed Combat
  6282 | D:8      | Noticed Maurice
  6300 | D:8      | Killed Maurice
  6335 | D:8      | Noticed a two-headed ogre
  6343 | D:8      | Killed a two-headed ogre
  6708 | D:9      | Noticed a two-headed ogre
  6717 | D:9      | Killed a two-headed ogre
  6718 | D:9      | Reached XP level 11. HP: 96/109 MP: 10/10
  6831 | D:9      | Noticed Harold
  6839 | D:9      | Killed Harold
  6840 | D:9      | Reached skill level 5 in Throwing
  7373 | D:9      | Found a runed translucent gate.
  7373 | D:9      | Found a runed translucent gate.
  7373 | D:9      | Found a runed translucent gate.
  7378 | D:9      | Noticed patfeehan111222's ghost (journeyman DsBe)
  7720 | D:9      | Found a burning altar of Makhleb.
  7721 | D:9      | Found an iron altar of Okawaru.
  7726 | D:9      | Found a shimmering blue altar of Sif Muna.
  7729 | D:9      | Became a worshipper of Warmaster Okawaru
  7846 | D:10     | Entered Level 10 of the Dungeon
  7869 | D:10     | Reached skill level 12 in Unarmed Combat
  7890 | D:10     | Found a staircase to the Lair.
  7961 | D:10     | Found a basalt altar of Yredelemnul.
  7961 | D:10     | Found a sacrificial altar of Ru.
  8004 | D:10     | Noticed a two-headed ogre
  8007 | D:10     | Killed a two-headed ogre
  8007 | D:10     | Reached * piety under Okawaru
  8034 | D:10     | Noticed Psyche
  8038 | D:10     | Killed Psyche
  8080 | D:10     | Noticed a deep elf pyromancer
  8083 | D:10     | Killed a deep elf pyromancer
  8153 | D:10     | Found Merph's Distillery.
  8325 | D:10     | Found a staircase to the Orcish Mines.
  8937 | D:11     | Reached ** piety under Okawaru
  8956 | D:11     | Reached skill level 1 in Shields
  9324 | D:12     | Reached skill level 10 in Dodging
  9326 | D:12     | Reached *** piety under Okawaru
  9560 | D:12     | Reached XP level 12. HP: 119/119 MP: 11/11
  9656 | D:12     | Received a gift from Okawaru
 10023 | D:13     | Noticed a centaur warrior
 10029 | D:13     | Killed a centaur warrior
 10030 | D:13     | Reached skill level 5 in Shields
 10190 | D:13     | Reached **** piety under Okawaru
 10225 | D:13     | Noticed a centaur warrior
 10238 | D:13     | Killed a centaur warrior
 10238 | D:13     | Received a gift from Okawaru
 10398 | Lair:1   | Entered Level 1 of the Lair of Beasts
 10757 | Lair:1   | Received a gift from Okawaru
 11521 | Lair:2   | Found a staircase to the Swamp.
 11528 | Lair:2   | Received a gift from Okawaru
 11737 | Lair:2   | Found a hole to the Spider Nest.
 12378 | Lair:3   | Reached skill level 10 in Shields
 12382 | Lair:3   | Reached ***** piety under Okawaru
 12489 | Lair:3   | Reached XP level 13. HP: 127/127 MP: 12/12
 12703 | Lair:3   | Received a gift from Okawaru
 13706 | Lair:4   | Identified the ring "Pufy" {MP+9 Str+2 Int+6}
 13717 | Lair:4   | Found a staircase to the Slime Pits.
 13718 | Lair:4   | Found a viscous altar of Jiyva.
 13829 | Lair:4   | Noticed Kirke
 13837 | Lair:4   | Killed Kirke
 13999 | Lair:4   | Found a frozen archway.
 14017 | IceCv    | Entered an ice cave
 14406 | Lair:5   | Entered Level 5 of the Lair of Beasts
 14564 | Lair:5   | Reached skill level 1 in Invocations
 14705 | Orc:1    | Entered Level 1 of the Orcish Mines
 14753 | Orc:1    | You fall into a shaft and drop 1 floor!
 14753 | Orc:2    | Entered Level 2 of the Orcish Mines
 14959 | Orc:2    | Noticed Blork the orc
 14968 | Orc:2    | Killed Blork the orc
 15000 | Orc:2    | Noticed an orc warlord
 15000 | Orc:2    | Noticed Nergalle
 15009 | Orc:2    | Reached skill level 13 in Unarmed Combat
 15017 | Orc:2    | Killed an orc warlord
 15040 | Orc:2    | Killed Nergalle
 15087 | Orc:2    | Found Wabar's Antique Armour Shop.
 15112 | Orc:2    | Identified the +2 hat of the Pits of Slime {rC+ Int+3}
                  | (Okawaru gifted it to you on level 2 of the Orcish Mines)
 15112 | Orc:2    | Received a gift from Okawaru
 15113 | Orc:2    | Found Qohipn's General Store.
 15169 | Orc:2    | Reached XP level 14. HP: 132/136 MP: 14/14
 15188 | Orc:2    | Found Nazoes's Book Shop.
 15251 | Orc:2    | Found Olonois's Antique Weapon Shop.
 15268 | Orc:2    | Bought 2 potions of haste for 220 gold pieces
 15268 | Orc:2    | Bought a potion of haste for 110 gold pieces
 15523 | Orc:2    | Found a staircase to the Elven Halls.
 15646 | Orc:2    | Bought a book of Transfigurations for 600 gold pieces
 15654 | Orc:2    | Learned a level 7 spell: Dragon Form
 16406 | Lair:5   | Reached skill level 1 in Transmutations
 16609 | Lair:5   | Paralysed by a hornet for 1 turns
 16717 | Lair:5   | Slain by an elephant

Illustrated notes

Levels and vault maps discovered:
D:1:      dpeg_arrival_pits, layout_rooms, serial_shops, shop, shop,
          nicolae_shop_bloodbath_and_beyond, serial_glass, glass_columns_a,
          glass_columns_b, moated_statue
D:2:      layout_rooms, uniq_sigmund, uniq_terence
D:3:      layout_basic, mainiacjoe_overflow_cross_hatched
D:4:      layout_basic, mainiacjoe_overflow_catwalk
D:5:      layout_cave_pools
D:6:      layout_basic
D:7:      minmay_cornered_nines, layout_basic, minmay_temple_entry_wispy
D:8:      nzn_winding_woodlands_cross [nzn_winding_woodlands_5x15_garden,
          nzn_winding_woodlands_5x15_default,
          nzn_winding_woodlands_5x15_split_checker,
          nzn_winding_woodlands_5x15_longhouse,
          nzn_winding_woodlands_15x15_five_gardens], layout_basic,
          nicolae_elemental_shop, minmay_misc_feat_secret_circle, uniq_maurice,
          uniq_pikel
D:9:      layout_layer_cave, minitemple, gammafunk_ghost_nasty_kobolds,
          minmay_misc_feat_rows, minmay_sticks_and_stones, uniq_harold
D:10:     layout_roguey, grunt_temple_overflow_open,
          grunt_lair_entry_orc_guard_hut, orc_0_dummy, serial_shops, shop,
          uniq_psyche
D:11:     layout_gridville
D:12:     layout_gridville
D:13:     layout_basic
Temple:   nicolae_temple_bog_church
Lair:1:   layout_regular_city, chequers_serial_rivers_room_b, minivault_11,
          st_stairs_10
Lair:2:   layout_small_grid, minmay_swamp_entry_wisps,
          hellmonk_spider_entry_life_and_decay, pdpol_lair_neglected_garden,
          grunt_megastairs_5
Lair:3:   layout_cave_pods
Lair:4:   wander_river, layout_small_grid, minmay_slime_entry_pillars,
          portal_ice_cave_rime, serial_bayou_shore_b, grunt_megastairs_3,
          lemuel_fruit_tree, uniq_kirke
Lair:5:   gammafunk_lair_ancient_temple, layout_cave_pods, lemuel_fruit_fields,
          lemuel_fruit_fields, serial_bayou_shore_a
Orc:1:    layout_caves
Orc:2:    grunt_orc_cross, layout_diamond_mine

Skill      XL: |  1  2  3  4  5  6  7  8  9 10 11 12 13 14 |
---------------+-------------------------------------------+-----
Dodging        | 2 3 4 5 6 7 10 11 | 11.6
Unarmed Combat | 3 4 5 6 8 10 11 12 13 | 13.3
Fighting       | 3 4 5 6 7 8 |  8.3
Throwing       | 3 4 5 6 |  6.4
Shields        | 4 10 12 | 12.6
Invocations    | 2 |  2.8
Transmutations | 4 |  4.2
Stealth        | |  2.7

Action                     |  1- 3 |  4- 6 |  7- 9 | 10-12 | 13-15 || total
---------------------------+-------+-------+-------+-------+-------++-------
  Melee: Unarmed           |    63 |   142 |   261 |   509 |   518 ||  1493
         Punch             |       |     1 |     7 |    10 |       ||    18
  Throw: Boomerang         |       |    11 |    67 |    97 |       ||   175
         Large rock        |       |       |       |    67 |    93 ||   160
         Javelin           |       |       |       |     1 |     3 ||     4
         Dart              |       |       |       |     2 |       ||     2
 Invoke: Heroism           |       |       |       |     2 |     5 ||     7
  Evoke: Wand              |       |       |     4 |       |     2 ||     6
         Lightning rod     |       |       |       |     4 |     5 ||     9
    Use: Potion            |     2 |       |     1 |       |     1 ||     4
         Scroll            |       |     7 |     8 |    12 |     2 ||    29
   Stab: Sleeping          |       |     5 |       |     2 |     1 ||     8
 Armour: Robe              |    33 |    46 |    56 |       |       ||   135
         Troll leather arm |       |       |    13 |    88 |   110 ||   211
  Dodge: Dodged            |    38 |    58 |   105 |   211 |   254 ||   666
         Repelled          |       |       |     2 |     5 |     3 ||    10
  Block: Tower shield      |       |       |       |   251 |   706 ||   957

Table legend: (Time is in decaauts)
 A = Elapsed time spent in this place.
 B = Non-inter-level travel time spent in this place.
 C = Inter-level travel time spent in this place.
 D = Time resting spent in this place.
 E = Time spent auto-exploring this place.
 F = Levels seen in this place.
 G = Mean time per level.
                   A        B        C        D        E       F      G
               +--------+--------+--------+--------+--------+-----+--------+
         Total |  16802 |  15607 |   1195 |    348 |  11379 |  22 |  763.7 |
       Dungeon |  10233 |   9553 |    680 |    193 |   7232 |  13 |  787.2 |
        Temple |    187 |    166 |     21 |      0 |    155 |   1 |  187.0 |
          Lair |   4780 |   4502 |    278 |    150 |   3118 |   5 |  956.0 |
  Orcish Mines |   1590 |   1375 |    215 |      4 |    874 |   2 |  795.0 |
      Ice Cave |     10 |     10 |      0 |      0 |      0 |   1 |   10.0 |
               +--------+--------+--------+--------+--------+-----+--------+

Top non-repeatable levels by time:
     D:9: 1199 daAuts
  Lair:3: 1154 daAuts
     D:8: 1095 daAuts
   Orc:2: 1081 daAuts
  Lair:1: 1067 daAuts
  Lair:2: 1020 daAuts
     D:3: 985 daAuts
     D:6: 956 daAuts
  Lair:4: 949 daAuts
     D:7: 886 daAuts
     D:4: 733 daAuts
    D:10: 731 daAuts
     D:5: 675 daAuts
    D:11: 652 daAuts
    D:12: 646 daAuts
